 Dungeon Crawl Stone Soup version 0.29-a0-993-g4a18f31a58 (webtiles) character file.

Game seed: 8246371038997864779

5306 vurker the Cleaver (level 10, -2/99 HPs)
             Began as a Tengu Berserker on Aug 2, 2022.
             Was an Elder of Trog.
             Slain by a vampire mosquito (10 damage)
             ... on level 10 of the Dungeon.
             The game lasted 00:11:28 (8918 turns).

vurker the Cleaver (Tengu Berserker)                Turns: 8918, Time: 00:11:29

Health: -2/99      AC:  7    Str: 21    XL:     10   Next: 64%
Magic:  11/11      EV: 15    Int:  9    God:    Trog [****..]
Gold:   616        SH:  7    Dex: 13    Spells: 9/9 levels left

rFire   . . .      SeeInvis .   a - +0 broad axe
rCold   . . .      Faith    .   r - +0 kite shield
rNeg    . . .      Spirit   .   q - +0 ring mail "Ceatt" {rPois Regen+}
rPois   +          Reflect  .   (helmet restricted)
rElec   .          Harm     .   g - +1 cloak
rCorr   .          Rampage  .   (no gloves)
Will    +....                   (boots unavailable)
Stlth   ..........              h - amulet of magic regeneration
HPRegen 1.06/turn               k - ring of willpower
MPRegen 0.52/turn               p - +4 ring of evasion

@: berserking, flying quickly and evasively, very quick
A: beak, talons 3, nimble flight
a: Renounce Religion, Berserk, Trog's Hand, Brothers in Arms


You were on level 10 of the Dungeon.
You worshipped Trog.
Trog was greatly pleased with you.
You visited 1 branch of the dungeon, and saw 10 of its levels.

You collected 616 gold pieces.

Inventory:

Hand Weapons
 a - a +0 broad axe (weapon)
   (You took it off an orc warrior on level 9 of the Dungeon)
 b - a +0 hand axe of venom
Armour
 g - a +1 cloak (worn)
   (You found it on level 7 of the Dungeon)
 q - the +0 ring mail "Ceatt" (worn) {rPois Regen+}
   (You found it on level 6 of the Dungeon)

   rPois:     It protects you from poison.
   Regen:     It increases your rate of health regeneration.
 r - a +0 kite shield (worn)
   (You took it off a gnoll sergeant on level 7 of the Dungeon)
Jewellery
 h - an amulet of magic regeneration (around neck)
   (You found it on level 4 of the Dungeon)
 k - a ring of willpower (left hand)
   (You found it on level 2 of the Dungeon)
 l - a ring of protection from cold
   (You found it on level 3 of the Dungeon)
 p - a +4 ring of evasion (right hand)
   (You found it on level 6 of the Dungeon)
Wands
 n - a wand of polymorph (6)
   (You found it on level 6 of the Dungeon)
 t - a wand of flame (22)
   (You found it on level 2 of the Dungeon)
 w - a wand of roots (6)
   (You found it on level 9 of the Dungeon)
Scrolls
 e - 6 scrolls of teleportation
Potions
 c - 3 potions of heal wounds
 d - a potion of cancellation
 f - 2 potions of haste
 j - 3 potions of curing
 o - 3 potions of invisibility
 s - a potion of flight {unknown}
 u - a potion of lignification {unknown}


   Skills:
 + Level 9.5 Fighting
 * Level 14.0 Axes
 - Level 2.1 Armour
 - Level 2.1 Dodging


You had 9 spell levels left.
You didn't know any spells.
Your spell library was empty.

Dungeon Overview and Level Annotations

Branches:
Dungeon (10/15)            Temple (0/1) D:5
   Lair: D:8-11         Orc: D:9-12

Altars:
Cheibriados
Fedhas
Hepliaklqana
Makhleb
Nemelex Xobeh
Ru
Trog
Wu Jian
Xom
Zin
The Shining One

Shops:
D:1 =   D:3 ?

Annotations:
D:4 3 runed translucent doors, Nebesus's ghost, amateur NaFE


Innate Abilities, Weirdness & Mutations

You have a beak for a mouth.
You have claws for feet.
Your magical nature lets you fly swiftly and evasively.


Message History

* * * LOW HITPOINT WARNING * * *
The vampire mosquito draws strength from your injuries!
The vampire mosquito barely misses you. The vampire mosquito misses you.
The vampire mosquito barely misses you. The vampire mosquito bites you!
* * * LOW HITPOINT WARNING * * *
The vampire mosquito draws strength from your injuries!
A red film seems to cover your vision as you go berserk!
You feel yourself moving faster!
You feel mighty! The vampire mosquito barely misses you.
You block the vampire mosquito's attack.
The vampire mosquito bites you.
* * * LOW HITPOINT WARNING * * *
The vampire mosquito draws strength from your injuries!
The vampire mosquito bites you but does no damage.
You block the vampire mosquito's attack. x2
The vampire mosquito bites you but does no damage.
The vampire mosquito bites you!
* * * LOW HITPOINT WARNING * * *
The vampire mosquito draws strength from your injuries!
You miss the vampire mosquito. Your kick misses the vampire mosquito.
You barely miss the vampire mosquito. You slash the vampire mosquito! x2
You block the vampire mosquito's attack.
The vampire mosquito completely misses you.
The vampire mosquito barely misses you. The vampire mosquito bites you!
* * * LOW HITPOINT WARNING * * *
The vampire mosquito draws strength from your injuries!
You completely miss the vampire mosquito.
You claw the vampire mosquito. You peck the vampire mosquito!
You miss the vampire mosquito. You hit the vampire mosquito.
You slash the vampire mosquito!
You destroy the vampire mosquito!
Trog accepts your kill.
You block the vampire mosquito's attack. x3
The vampire mosquito bites you.
* * * LOW HITPOINT WARNING * * *
The vampire mosquito draws strength from your injuries!
The vampire mosquito bites you.
* * * LOW HITPOINT WARNING * * *
The vampire mosquito draws strength from your injuries!
Your Axes skill increases to level 14!
You hit the vampire mosquito. You barely miss the vampire mosquito.
You hit the vampire mosquito.
You block the vampire mosquito's attack.
The vampire mosquito misses you.
You block the vampire mosquito's attack.
The vampire mosquito misses you.
You slash the vampire mosquito! Your peck misses the vampire mosquito.
You miss the vampire mosquito. You barely miss the vampire mosquito.
The vampire mosquito barely misses you. x2; The vampire mosquito bites you!
You die...

..#.......# .##
..........##..#
...............
...............
.............#
.............#
......yyy..##
.......@....# #
#..(.....##....
#......<..>....
#..............
##.............
#.......##....
#.....### #...
##.... ...
##... ..


You could see 3 vampire mosquitoes.

Vanquished Creatures
  Maggie (D:8)
  3 hornets
  A wyvern (D:8)
  3 yaks (D:9)
  2 steam dragons
  A vampire mosquito (D:10)
  Edmund (D:4)
  3 water moccasins
  4 orc warriors (D:9)
  2 black bears
  A centaur (D:9)
  3 phantoms
  2 bullfrogs
  3 gnoll sergeants
  6 scorpions
  9 wights
  2 howler monkeys (D:8)
  A jelly (D:8)
  3 hounds
  6 orc priests
  A gnoll bouda (D:7)
  3 iguanas
  6 orc wizards
  12 adders
  18 gnolls
  2 shadow imps
  A worm (D:5)
  4 dart slugs
  14 orcs
  8 bats
  9 endoplasms
  4 giant cockroaches
  4 goblins
  5 hobgoblins
  2 jackals (D:4)
  10 kobolds
  6 quokkas
  4 ball pythons
  2 frilled lizards
  7 rats
179 creatures vanquished.

Vanquished Creatures (others)
  A fungus (D:10)
  2 plants (D:10)
3 creatures vanquished.

Grand Total: 182 creatures vanquished

Notes
Turn   | Place    | Note
-------+----------+-------------------------------------------
     0 | D:1      | vurker the Tengu Berserker began the quest for the Orb.
     0 | D:1      | Reached XP level 1. HP: 14/14 MP: 2/2
   116 | D:1      | Reached XP level 2. HP: 13/19 MP: 3/3
   434 | D:1      | Reached skill level 4 in Axes
   566 | D:1      | Found Ecamm's Jewellery Boutique.
   779 | D:1      | Found a faded altar of an unknown god.
  1014 | D:1      | Reached XP level 3. HP: 22/23 MP: 4/4
  1297 | D:2      | Reached ** piety under Trog
  1834 | D:2      | Reached XP level 4. HP: 28/28 MP: 5/5
  2075 | D:2      | Found a shimmering altar of Xom.
  2469 | D:3      | Reached skill level 5 in Axes
  2493 | D:3      | Gained mutation: Your magical nature lets you fly swiftly
                  | and evasively. [Tengu growth]
  2493 | D:3      | Reached XP level 5. HP: 7/33 MP: 6/6
  2985 | D:3      | Found Mied's Magic Scroll Shop.
  3350 | D:4      | Reached *** piety under Trog
  3391 | D:4      | Noticed Edmund
  3406 | D:4      | Killed Edmund
  3407 | D:4      | Reached skill level 6 in Axes
  3407 | D:4      | Reached XP level 6. HP: 10/39 MP: 7/7
  3736 | D:4      | Found a runed translucent gate.
  3736 | D:4      | Found a runed translucent gate.
  3736 | D:4      | Found a runed translucent gate.
  3739 | D:4      | Noticed Nebesus's ghost (amateur NaFE)
  3743 | D:4      | Identified the +1 dagger of Byoshryst {freeze, Str+4}
  3743 | D:4      | Identified the +14 chain mail of the Moon Troll {*Slow
                  | Str+5 Int+6}
  3894 | D:4      | Reached skill level 7 in Axes
  4200 | D:4      | Reached skill level 5 in Fighting
  4200 | D:4      | Reached XP level 7. HP: 44/44 MP: 8/8
  4412 | D:5      | Entered Level 5 of the Dungeon
  4428 | D:5      | Reached skill level 8 in Axes
  4882 | D:5      | Found a staircase to the Ecumenical Temple.
  5006 | D:5      | Found a glowing silver altar of Zin.
  5008 | D:5      | Found a blossoming altar of Fedhas.
  5014 | D:5      | Reached XP level 8. HP: 29/51 MP: 9/9
  5251 | D:5      | Found a hazy altar of Hepliaklqana.
  5251 | D:5      | Found a glowing golden altar of the Shining One.
  5293 | D:5      | Reached skill level 9 in Axes
  5838 | D:5      | Found a snail-covered altar of Cheibriados.
  6212 | D:6      | Identified the +0 ring mail "Ceatt" {rPois Regen+}
  6508 | D:6      | Found a sacrificial altar of Ru.
  6614 | D:6      | Reached skill level 10 in Axes
  6752 | D:7      | Found an ornate altar of the Wu Jian Council.
  6753 | D:7      | Found a bloodstained altar of Trog.
  6843 | D:7      | Reached XP level 9. HP: 27/57 MP: 10/10
  7189 | D:7      | Found a burning altar of Makhleb.
  7189 | D:7      | Noticed a cacodemon
  7215 | D:7      | Reached skill level 11 in Axes
  7418 | D:8      | Reached **** piety under Trog
  7652 | D:8      | Reached skill level 12 in Axes
  7679 | D:8      | Noticed Maggie
  7690 | D:8      | Killed Maggie
  7761 | D:8      | Noticed a hornet
  7770 | D:8      | Killed a hornet
  7963 | D:8      | Reached XP level 10. HP: 65/65 MP: 11/11
  8116 | D:9      | Reached skill level 13 in Axes
  8627 | D:9      | Identified the +8 spear of Indomitability {antimagic,
                  | Str+3}
  8674 | D:9      | Found a sparkling altar of Nemelex Xobeh.
  8906 | D:10     | Entered Level 10 of the Dungeon
  8917 | D:10     | Reached skill level 14 in Axes
  8918 | D:10     | Slain by a vampire mosquito

Illustrated notes

Levels and vault maps discovered:
D:1:      lightli_arrival_windingriver, layout_loops_ring,
          hellmonk_ecumenical_altar_zigzags, serial_shops,
          nicolae_shop_window_shopping
D:2:      layout_basic, basic_altar
D:3:      layout_loops_ring, serial_shops,
          nicolae_shop_temple_entry_statues_fountains
D:4:      layout_basic, biasface_ghost_orc_armoury, uniq_edmund
D:5:      layout_layer_cave, slow_altar_2,
          chequers_temple_overflow_statue_of_worship,
          minmay_temple_entry_large_hall
D:6:      layout_loops_ring, nicolae_ru_path_of_blood,
          ebering_dispersal_statue_hall
D:7:      layout_loops_cross, makhleb_altar_promises_db,
          mainiacjoe_overflow_divided_tiny
D:8:      layout_loops_ring, uniq_maggie
D:9:      layout_roguey, nemelex_spade_bored_becter
D:10:     layout_cave_pools, general_overflow_altar,
          due_lair_maze_entry_diamond, david_orc_3, nzn_life_drinkers,
          uniq_maurice

Skill      XL: |  1  2  3  4  5  6  7  8  9 10 |
---------------+-------------------------------+-----
Axes           | 4 5 6 7 8 10 12 14 | 14.0
Fighting       | 4 5 7 8 9 |  9.5
Armour         | |  2.1
Dodging        | |  2.1

Action                   |  1- 3 |  4- 6 |  7- 9 | 10-12 || total
-------------------------+-------+-------+-------+-------++-------
Melee: Hand axe          |    76 |   102 |   162 |       ||   340
       Kick              |    14 |    21 |    56 |    15 ||   106
       Peck              |     7 |    20 |    40 |    18 ||    85
       Battleaxe         |       |       |    42 |    29 ||    71
       Punch             |       |       |     1 |       ||     1
       Broad axe         |       |       |       |    46 ||    46
Invok: Berserk           |     1 |     2 |     5 |     5 ||    13
       Trog's Hand       |       |       |     1 |       ||     1
  Use: Scroll            |       |     8 |     6 |     3 ||    17
Armor: Animal skin       |     3 |       |       |       ||     3
       Scale mail        |    13 |    27 |    22 |       ||    62
       Ring mail         |       |       |    15 |    28 ||    43
Dodge: Dodged            |    50 |    45 |   153 |   101 ||   349
Block: Kite shield       |       |       |     5 |    35 ||    40

Table legend: (Time is in decaauts)
 A = Elapsed time spent in this place.
 B = Non-inter-level travel time spent in this place.
 C = Inter-level travel time spent in this place.
 D = Time resting spent in this place.
 E = Time spent auto-exploring this place.
 F = Levels seen in this place.
 G = Mean time per level.
                   A        B        C        D        E       F      G
               +--------+--------+--------+--------+--------+-----+--------+
         Total |   8620 |   8231 |    389 |    646 |   6362 |  10 |  862.0 |
       Dungeon |   8620 |   8231 |    389 |    646 |   6362 |  10 |  862.0 |
               +--------+--------+--------+--------+--------+-----+--------+

Top non-repeatable levels by time:
     D:2: 1589 daAuts
     D:4: 1274 daAuts
     D:5: 1236 daAuts
     D:1: 1135 daAuts
     D:8: 749 daAuts
     D:7: 690 daAuts
     D:9: 670 daAuts
     D:6: 663 daAuts
     D:3: 598 daAuts
    D:10: 11 daAuts
